 Dungeon Crawl Stone Soup version 0.29-a0-322-g68df515428 (webtiles) character file.

Game seed: 4140357938156720289

25 zishaf the Sneak (level 2, -2/24 HPs)
             Began as a Spriggan Delver on Apr 5, 2022.
             Slain by an iguana (3 damage)
             ... on level 4 of the Dungeon.
             The game lasted 00:02:08 (296 turns).

zishaf the Sneak (Spriggan Delver)                   Turns: 296, Time: 00:02:08

Health: -2/24      AC:  2    Str:  8    XL:     2   Next: 86%
Magic:  3/3        EV: 18    Int: 11    God:
Gold:   18         SH:  0    Dex: 16    Spells: 1/1 levels left

rFire   . . .      SeeInvis +   a - +0 short sword
rCold   . . .      Faith    .   (no shield)
rNeg    . . .      Spirit   .   b - +0 robe
rPois   .          Reflect  .   (helmet restricted)
rElec   .          Harm     .   (no cloak)
rCorr   .          Rampage  .   (gloves unavailable)
Will    .....                   (boots unavailable)
Stlth   ..........              (no amulet)
HPRegen 0.08/turn               (no ring)
MPRegen 0.08/turn               (no ring)

@: berserking, very quick
A: very small, no large weapons, unfitting armour, see invisible, speed 3
a: no special abilities


You were on level 4 of the Dungeon.
You visited 1 branch of the dungeon, and saw 2 of its levels.

You collected 18 gold pieces.

Inventory:

Hand Weapons
 a - a +0 short sword (weapon)
Armour
 b - a +0 robe (worn)
Wands
 g - a wand of digging (3)
Scrolls
 d - a scroll of magic mapping
 e - a scroll of fear
Potions
 l - a potion of lignification {unknown}


   Skills:
 - Level 2.4 Fighting
 + Level 2.8 Short Blades
 + Level 3.4 Dodging
 + Level 7.7 Stealth


You had one spell level left.
You didn't know any spells.
Your spell library was empty.

Dungeon Overview and Level Annotations

Branches:
Dungeon (5/15)
 Temple: D:4-7

Altars:


Innate Abilities, Weirdness & Mutations

You are very small and have problems with some larger weapons.
You are too small for most types of armour.
You have supernaturally acute eyesight. (SInv)
You cover ground extremely quickly. (Speed+++)


Message History

The goblin throws a stone.
The stone completely misses you.
You closely miss the kobold. The kobold misses you. The kobold misses you.
The kobold barely misses you. The kobold misses you.
There is a large open door here.
The kobold misses you.
The kobold throws a stone.
The stone closely misses you.
The kobold throws a stone.
The stone barely misses you.
The kobold throws a stone.
The stone misses you.
The kobold throws a stone.
The stone misses you.
The kobold throws a stone.
The stone completely misses you.
The kobold throws a stone.
The stone barely misses you.
Found a stone staircase leading down.
There is a stone staircase leading down here.
Found 18 gold pieces.
You now have 18 gold pieces.
There is a stone staircase leading down here.
An iguana comes into view.
The iguana hisses angrily.
The kobold throws a stone.
The stone closely misses you.
Okay, then.
Okay, then.
You hit the iguana but do no damage. The iguana misses you.
You hit the iguana but do no damage. The iguana completely misses you.
You closely miss the iguana. The iguana bites you!
Ouch! That really hurt!
It was a potion of curing.
You feel better. The iguana closely misses you.
The kobold hits you but does no damage.
You feel yourself speed up. The iguana bites you!
Ouch! That really hurt!
* * * LOW HITPOINT WARNING * * *
The kobold barely misses you.
It was a potion of cancellation.
Your magical effects are unravelling.
You feel magically purged.
You feel yourself slow down. The iguana completely misses you.
The kobold closely misses you.
It was a potion of berserk rage.
A red film seems to cover your vision as you go berserk!
You feel yourself moving faster!
You feel mighty! The iguana bites you.
You die...

#.# . #.# ... ..
... .. #.###.
##...#. .. .#...
.# .g. .. #l# #.
#@# #. #K#
#.####K# #..K...#
#.K###.# #..# #.#
#..#
#.################
#..#
#........>........
#..#
##################


You could see an iguana, a goblin and 2 kobolds.

Vanquished Creatures
  An iguana (D:4)
  A ball python (D:4)
2 creatures vanquished.

Notes
Turn   | Place    | Note
-------+----------+-------------------------------------------
     0 | D:5      | zishaf the Spriggan Delver began the quest for the Orb.
     0 | D:5      | Reached XP level 1. HP: 11/11 MP: 2/2
    16 | D:4      | Noticed an iguana
    17 | D:4      | Noticed a black bear
    22 | D:4      | Killed an iguana
    23 | D:4      | Reached XP level 2. HP: 16/16 MP: 3/3
   134 | D:4      | Noticed an ogre
   137 | D:4      | Noticed a kobold brigand
   155 | D:4      | Noticed a kobold brigand
   296 | D:4      | Slain by an iguana

Illustrated notes

Levels and vault maps discovered:
D:4:      minmay_goblin_kobold_castle, layout_loops_ring
D:5:      layout_loops_cross, dancing_weapons_uskayaw,
          nicolae_ashenzari_panopticon, minmay_temple_entry_drinking_statues,
          st_stairs_8

Skill      XL: |  1 |
---------------+----+-----
Dodging        | 3 |  3.4
Fighting       | |  2.4
Short Blades   | |  2.8
Stealth        | |  7.7

Action                   || total
-------------------------++-------
Melee: Short sword       ||     9
  Use: Potion            ||     4
       Scroll            ||     2
 Stab: Sleeping          ||     1
Armor: Robe              ||     3
Dodge: Dodged            ||    36

Table legend: (Time is in decaauts)
 A = Elapsed time spent in this place.
 B = Non-inter-level travel time spent in this place.
 C = Inter-level travel time spent in this place.
 D = Time resting spent in this place.
 E = Time spent auto-exploring this place.
 F = Levels seen in this place.
 G = Mean time per level.
                   A        B        C        D        E       F      G
               +--------+--------+--------+--------+--------+-----+--------+
         Total |    186 |    172 |     14 |      0 |      3 |   2 |   93.0 |
       Dungeon |    186 |    172 |     14 |      0 |      3 |   2 |   93.0 |
               +--------+--------+--------+--------+--------+-----+--------+

Top non-repeatable levels by time:
     D:4: 179 daAuts
     D:5: 7 daAuts
